NCAA
STANFORD CARDINAL @ CREIGHTON BLUE JAYS
04/09/2026
 
TOP OF THE 1ST
Stanford Cardinal batting - Pitching for Creighton Blue Jays : LHP Ricardo García
Pitching: LHP Ricardo García
Batting: RHB Rory Howard 0-0: Ball
1-0: Ball
2-0: Ball
3-0: Base on Balls
Batting: RHB Fernando Vargas 0-0: Fly out, F1 (Line Drive, 13)
Batting: LHB Geoffrey Bird 0-0: Ball
Rory Howard steals 2nd base
1-0: SINGLE (Groundball, 6M)
Rory Howard to third
Runner from 3rd tries for Home, SAFE, no throw or cutoff
Batting: RHB Scott McGuire 0-0: Ball
1-0: Called Strike
1-1: Foul Ball, location: 2F
1-2: Strikes out swinging
Batting: RHB Albert Abbott 0-0: Ball
1-0: Swinging Strike
1-1: Ball
2-1: Ball
3-1: Called Strike
3-2: Foul Ball, location: 2F
3-2: Foul Ball, location: 2F
3-2: Strikes out swinging
Top of the 1st over - 1 run(s), 1 hit(s), 0 error(s), 1 left on base; Stanford 1 - Creighton 0
BOTTOM OF THE 1ST
Creighton Blue Jays batting - Pitching for Stanford Cardinal : LHP Robert Cochran
Pitching: LHP Robert Cochran
Batting: RHB Emory Brooks 0-0: Ball
1-0: Called Strike
1-1: Fly out, F8 (Flyball, 8LM)
Batting: RHB Matt Cole 0-0: Called Strike
0-1: Reached on error, E5 (Groundball, 5)
Batting: RHB Félix Escamilla 0-0: Ball
1-0: Ball
2-0: Ball
3-0: Called Strike
3-1: Base on Balls
Matt Cole to second
Batting: LHB Jonathon Terry 0-0: Ball
1-0: Ball
2-0: Ball
3-0: Called Strike
3-1: Base on Balls
Matt Cole to third
Félix Escamilla to second
Batting: RHB Paul Rainford 0-0: Ball
1-0: Swinging Strike
1-1: Ball
2-1: Foul Ball, location: 2F
2-2: Foul Ball, location: 2F
2-2: Strikes out swinging
Batting: RHB Joe Brinkman 0-0: Called Strike
0-1: Called Strike
0-2: Strikes out looking
Bottom of the 1st over - 0 run(s), 0 hit(s), 1 error(s), 3 left on base; Stanford 1 - Creighton 0
TOP OF THE 2ND
Stanford Cardinal batting - Pitching for Creighton Blue Jays : LHP Ricardo García
Batting: RHB Jake Jeffries 0-0: Ball
1-0: Ball
2-0: Foul Ball, location: 2F
2-1: Fly out, F9 (Popup, 4MD)
Batting: SHB Jimmy Wilson 0-0: Ball
1-0: Ball
2-0: Ball
3-0: Called Strike
3-1: Fly out, F7 (Flyball, 78D)
Batting: RHB Jimmie Powell 0-0: Ball
1-0: Swinging Strike
1-1: Ball
2-1: Swinging Strike
2-2: Strikes out swinging
Top of the 2nd over - 0 run(s), 0 hit(s), 0 error(s), 0 left on base; Stanford 1 - Creighton 0
BOTTOM OF THE 2ND
Creighton Blue Jays batting - Pitching for Stanford Cardinal : LHP Robert Cochran
Batting: RHB Bernard Samuels 0-0: Foul Ball, location: 2F
0-1: Ground out 4-3 (Groundball, 4)
Batting: RHB Jesús López 0-0: Ball
1-0: Called Strike
1-1: Foul Ball, location: 2F
1-2: Ball
2-2: Ball
3-2: Base on Balls
Batting: LHB Malcolm Moreno 0-0: Foul Ball, location: 2F
0-1: SINGLE (Line Drive, 8RS)
Jesús López to second
Batting: RHB Emory Brooks 0-0: Foul Ball, location: 2F
0-1: Ball
1-1: Ball
2-1: Ball
3-1: Base on Balls
Jesús López to third
Malcolm Moreno to second
Batting: RHB Matt Cole 0-0: Ball
1-0: Ball
2-0: Foul Ball, location: 2F
2-1: Called Strike
2-2: Strikes out swinging
Batting: RHB Félix Escamilla 0-0: Foul Ball, location: 2F
0-1: Fly out, F8 (Flyball, 8RM)
Bottom of the 2nd over - 0 run(s), 1 hit(s), 0 error(s), 3 left on base; Stanford 1 - Creighton 0
TOP OF THE 3RD
Stanford Cardinal batting - Pitching for Creighton Blue Jays : LHP Ricardo García
Batting: RHB Millard Long 0-0: Fly out, F4 (Popup, 4)
Batting: RHB Rory Howard 0-0: Ball
1-0: Swinging Strike
1-1: Ball
2-1: Ball
3-1: Called Strike
3-2: Base on Balls
Batting: RHB Fernando Vargas 0-0: Called Strike
0-1: Grounds into double play, 1-6-3 (Groundball, 15)
Top of the 3rd over - 0 run(s), 0 hit(s), 0 error(s), 0 left on base; Stanford 1 - Creighton 0
BOTTOM OF THE 3RD
Creighton Blue Jays batting - Pitching for Stanford Cardinal : LHP Robert Cochran
Batting: LHB Jonathon Terry 0-0: Ball
1-0: Foul Ball, location: 2F
1-1: Ball
2-1: Ball
3-1: Base on Balls
Batting: RHB Paul Rainford 0-0: Ball
1-0: Ball
2-0: Foul Ball, location: 2F
2-1: Foul Ball, location: 2F
2-2: Ball
3-2: Foul Ball, location: 2F
3-2: Base on Balls
Jonathon Terry to second
Batting: RHB Joe Brinkman 0-0: Ball
1-0: Ball
2-0: Foul Ball, location: 2F
2-1: Ball
3-1: Base on Balls
Jonathon Terry to third
Paul Rainford to second
Batting: RHB Bernard Samuels 0-0: Called Strike
0-1: Ball
1-1: Ball
2-1: Swinging Strike
2-2: Fly out, F8 (Flyball, 8LXD)
Runner from 3rd tags up, SCORES, no throw
Paul Rainford to third
Batting: RHB Jesús López 0-0: Fielders Choice at 2nd, 6-4 (Groundball, 6)
Paul Rainford scores
Batting: LHB Malcolm Moreno 0-0: Foul Ball, location: 2F
0-1: Foul Ball, location: 2F
0-2: Ball
1-2: Foul Ball, location: 2F
1-2: SINGLE (Groundball, 4MD) (infield hit)
Jesús López to second
Batting: RHB Emory Brooks 0-0: Ball
1-0: Called Strike
1-1: 3-RUN HOME RUN (Flyball, 78XD), Distance : 437 ft
Batting: RHB Matt Cole 0-0: Ball
1-0: SINGLE (Line Drive, 78S)
Batting: RHB Félix Escamilla 0-0: Ball
1-0: Ball
2-0: Ball
3-0: Swinging Strike
3-1: Foul Ball, location: 2F
3-2: Strikes out swinging
Bottom of the 3rd over - 5 run(s), 3 hit(s), 0 error(s), 1 left on base; Stanford 1 - Creighton 5
TOP OF THE 4TH
Stanford Cardinal batting - Pitching for Creighton Blue Jays : LHP Ricardo García
Batting: LHB Geoffrey Bird 0-0: Swinging Strike
0-1: Ball
1-1: Foul Ball, location: 2F
1-2: Foul Ball, location: 2F
1-2: Strikes out looking
Batting: RHB Scott McGuire 0-0: Ball
1-0: Called Strike
1-1: Ball
2-1: Ball
3-1: Base on Balls
Batting: RHB Albert Abbott 0-0: Ball
1-0: Foul Ball, location: 2F
1-1: Ball
2-1: Foul Ball, location: 2F
2-2: Fly out, F5 (Popup, 5SF)
Batting: RHB Jake Jeffries 0-0: Ball
1-0: Fly out, F9 (Flyball, 9M)
Top of the 4th over - 0 run(s), 0 hit(s), 0 error(s), 1 left on base; Stanford 1 - Creighton 5
BOTTOM OF THE 4TH
Creighton Blue Jays batting - Pitching for Stanford Cardinal : LHP Robert Cochran
Pitching: LHP David Walker
Batting: LHB Jonathon Terry 0-0: Ground out 6-3 (Groundball, 6)
Batting: RHB Paul Rainford 0-0: Ball
1-0: Ball
2-0: Called Strike
2-1: Swinging Strike
2-2: Foul Ball, location: 2F
2-2: Ground out 2-3 (Groundball, 2L)
Batting: RHB Joe Brinkman 0-0: Called Strike
0-1: Ground out 5-3 (Groundball, 5S)
Bottom of the 4th over - 0 run(s), 0 hit(s), 0 error(s), 0 left on base; Stanford 1 - Creighton 5
TOP OF THE 5TH
Stanford Cardinal batting - Pitching for Creighton Blue Jays : LHP Ricardo García
Batting: SHB Jimmy Wilson 0-0: SINGLE (Line Drive, 89S)
Batting: RHB Jimmie Powell 0-0: Swinging Strike
0-1: Called Strike
0-2: Foul Ball, location: 2F
0-2: Ball
1-2: Foul Ball, location: 2F
1-2: DOUBLE (Line Drive, 9LS)
Jimmy Wilson to third
Batting: RHB Millard Long 0-0: Ball
1-0: Called Strike
1-1: Ground out 4-3 (Groundball, 4)
Jimmy Wilson scores
Jimmie Powell to third
Batting: RHB Rory Howard 0-0: Ball
1-0: Swinging Strike
1-1: Foul Ball, location: 2F
1-2: Foul Ball, location: 2F
1-2: Ball
2-2: Ball
3-2: Base on Balls
Batting: RHB Fernando Vargas 0-0: Ball
1-0: Called Strike
Rory Howard steals 2nd base
1-1: Swinging Strike
1-2: Reached on error, E6 (Groundball, 6MS)
Jimmie Powell scores
Rory Howard scores
Pitching: RHP Les Madrid
Batting: LHB Geoffrey Bird 0-0: Called Strike
0-1: Called Strike
0-2: Hit by Pitch
Batting: RHB Scott McGuire 0-0: 3-RUN HOME RUN (Flyball, 7D), Distance : 396 ft
Batting: RHB Albert Abbott 0-0: Ball
1-0: Ball
2-0: Called Strike
2-1: DOUBLE (Line Drive, 7LS)
Batting: RHB Jake Jeffries 0-0: Called Strike
0-1: Ball
1-1: Swinging Strike
1-2: Fly out, F9 (Flyball, 9M)
Batting: SHB Jimmy Wilson 0-0: Swinging Strike
0-1: Swinging Strike
0-2: Ball
1-2: Ball
2-2: Ground out U3 (Groundball, 3S)
Top of the 5th over - 6 run(s), 4 hit(s), 1 error(s), 1 left on base; Stanford 7 - Creighton 5
BOTTOM OF THE 5TH
Creighton Blue Jays batting - Pitching for Stanford Cardinal : LHP David Walker
Batting: RHB Bernard Samuels 0-0: Called Strike
0-1: Ball
1-1: Bunted foul
1-2: Foul Ball, location: 2F
1-2: Ball
2-2: Foul Ball, location: 2F
2-2: Ground out 1-3 (Groundball, 15)
Batting: RHB Jesús López 0-0: Called Strike
0-1: Swinging Strike
Reached via error on a dropped throw, E3
Batting: LHB Malcolm Moreno 0-0: SINGLE (Line Drive, 6D)
Jesús López to second
Batting: RHB Emory Brooks 0-0: Called Strike
0-1: Ball
1-1: Ball
2-1: Foul Ball, location: 2F
2-2: Fly out, F4 (Popup, 4)
Batting: RHB Matt Cole 0-0: Ball
1-0: Foul Ball, location: 2F
1-1: Foul Ball, location: 2F
1-2: Ball
2-2: Fielders Choice at 2nd, U6 (Groundball, 6M)
Bottom of the 5th over - 0 run(s), 1 hit(s), 1 error(s), 2 left on base; Stanford 7 - Creighton 5
TOP OF THE 6TH
Stanford Cardinal batting - Pitching for Creighton Blue Jays : RHP Les Madrid
Batting: RHB Jimmie Powell 0-0: Ball
1-0: Ball
2-0: Foul Ball, location: 2F
2-1: Ball
3-1: Called Strike
3-2: Fly out, F8 (Line Drive, 8LM)
Batting: RHB Millard Long 0-0: Ball
1-0: Swinging Strike
1-1: Foul Ball, location: 2F
1-2: Ball
2-2: Strikes out swinging
Batting: RHB Rory Howard 0-0: Foul Ball, location: 2F
0-1: Ball
1-1: Swinging Strike
1-2: Ball
2-2: Foul Ball, location: 2F
2-2: SINGLE (Flyball, 9LS)
Batting: RHB Fernando Vargas 0-0: Ball
Rory Howard is caught stealing 2nd base
Top of the 6th over - 0 run(s), 1 hit(s), 0 error(s), 0 left on base; Stanford 7 - Creighton 5
BOTTOM OF THE 6TH
Creighton Blue Jays batting - Pitching for Stanford Cardinal : LHP David Walker
Batting: RHB Félix Escamilla 0-0: Ball
1-0: Reached on error, E5 (Groundball, 5)
Batting: LHB Jonathon Terry 0-0: Called Strike
Félix Escamilla is caught stealing 2nd base
0-1: Ball
1-1: Swinging Strike
1-2: Strikes out looking
Batting: RHB Paul Rainford 0-0: Called Strike
0-1: Foul Ball, location: 2F
0-2: Ball
1-2: Fly out, F7 (Line Drive, 7M)
Bottom of the 6th over - 0 run(s), 0 hit(s), 1 error(s), 0 left on base; Stanford 7 - Creighton 5
TOP OF THE 7TH
Stanford Cardinal batting - Pitching for Creighton Blue Jays : RHP Les Madrid
Batting: RHB Fernando Vargas 0-0: Ball
1-0: Ball
2-0: Ball
3-0: Base on Balls
Batting: LHB Geoffrey Bird 0-0: Ball
1-0: Swinging Strike
1-1: Ball
2-1: Fielders Choice at 2nd, 5-4 (Groundball, 56)
Pitching: LHP Tony McCullough
Batting: RHB Scott McGuire 0-0: Foul Ball, location: 2F
0-1: Ball
1-1: SINGLE (Line Drive, 8LS)
Geoffrey Bird to second
Batting: RHB Albert Abbott 0-0: Ball
1-0: Called Strike
1-1: Swinging Strike
1-2: Strikes out swinging
Batting: RHB Jake Jeffries 0-0: Ball
1-0: Ball
2-0: Ball
3-0: Base on Balls
Geoffrey Bird to third
Scott McGuire to second
Batting: SHB Jimmy Wilson 0-0: Ball
1-0: Ball
2-0: Called Strike
2-1: Ball
3-1: Base on Balls
Geoffrey Bird scores
Scott McGuire to third
Jake Jeffries to second
Batting: RHB Jimmie Powell 0-0: Swinging Strike
0-1: Fly out, F9 (Flyball, 89M)
Top of the 7th over - 1 run(s), 1 hit(s), 0 error(s), 3 left on base; Stanford 8 - Creighton 5
BOTTOM OF THE 7TH
Creighton Blue Jays batting - Pitching for Stanford Cardinal : LHP David Walker
Pitching: RHP Michael Saunders
Now in LF: Dylan Wolf
Batting: RHB Joe Brinkman 0-0: Ball
1-0: Called Strike
1-1: Ball
2-1: Ball
3-1: Called Strike
3-2: Base on Balls
Batting: RHB Bernard Samuels 0-0: Called Strike
0-1: Ball
1-1: Ball
2-1: Swinging Strike
2-2: 2-RUN HOME RUN (Flyball, 7D), Distance : 408 ft
Batting: RHB Jesús López 0-0: Swinging Strike
0-1: Ball
1-1: Swinging Strike
1-2: Strikes out swinging, 2-3 out at first.
Batting: LHB Malcolm Moreno 0-0: Hit by Pitch
Batting: RHB Emory Brooks 0-0: Ball
1-0: SINGLE (Line Drive, 7S)
Malcolm Moreno to second
Pinch Hitting: LHB Michael Edwards 0-0: Called Strike
0-1: Called Strike
0-2: Strikes out looking
Batting: RHB Félix Escamilla 0-0: Called Strike
0-1: Ball
1-1: Ball
2-1: Foul Ball, location: 2F
2-2: Foul Ball, location: 2F
2-2: Ball
3-2: Foul Ball, location: 2F
3-2: Foul Ball, location: 2F
3-2: Fly out, F8 (Flyball, 8LM)
Bottom of the 7th over - 2 run(s), 2 hit(s), 0 error(s), 2 left on base; Stanford 8 - Creighton 7
TOP OF THE 8TH
Stanford Cardinal batting - Pitching for Creighton Blue Jays : LHP Tony McCullough
Now at 2B: Jeffery Ivey
Batting: RHB Millard Long 0-0: Ball
1-0: Called Strike
1-1: Foul Ball, location: 2F
1-2: Ball
2-2: Fly out, F9 (Flyball, 9LMF)
Batting: RHB Rory Howard 0-0: Ball
1-0: Called Strike
1-1: Foul Ball, location: 2F
1-2: Foul Ball, location: 2F
1-2: Fly out, F4 (Popup, 4MD)
Batting: RHB Fernando Vargas 0-0: Ball
1-0: Foul Ball, location: 2F
1-1: Ball
2-1: Called Strike
2-2: Strikes out swinging
Top of the 8th over - 0 run(s), 0 hit(s), 0 error(s), 0 left on base; Stanford 8 - Creighton 7
BOTTOM OF THE 8TH
Creighton Blue Jays batting - Pitching for Stanford Cardinal : RHP Michael Saunders
Pitching: RHP Donald Blair
Batting: LHB Jonathon Terry 0-0: Ball
1-0: Ball
2-0: Ball
3-0: Called Strike
3-1: Ground out 4-3 (Groundball, 34)
Batting: RHB Paul Rainford 0-0: Ball
1-0: Ball
2-0: Foul Ball, location: 2F
2-1: Ball
3-1: Base on Balls
Pinch Runner at 1st David Ward:
Batting: RHB Joe Brinkman 0-0: Called Strike
0-1: Ball
1-1: Ball
2-1: Fly out, F7 (Flyball, 8LS)
Batting: RHB Bernard Samuels 0-0: SINGLE (Line Drive, 8RS)
David Ward to second
Pinch Hitting: RHB Jimmy Hoffman 0-0: Ball
1-0: Ball
2-0: Swinging Strike
2-1: Swinging Strike
2-2: Ball
3-2: Foul Ball, location: 2F
3-2: Base on Balls
David Ward to third
Bernard Samuels to second
Pitching: LHP Ray McKnight
Batting: LHB Malcolm Moreno 0-0: Swinging Strike
0-1: Called Strike
0-2: Ball
1-2: Ball
2-2: Strikes out looking
Bottom of the 8th over - 0 run(s), 1 hit(s), 0 error(s), 3 left on base; Stanford 8 - Creighton 7
TOP OF THE 9TH
Stanford Cardinal batting - Pitching for Creighton Blue Jays : LHP Tony McCullough
Pitching: RHP Eugene Morgan
Now at SS: Jared Pass
Now in RF: David Ward
Batting: LHB Geoffrey Bird 0-0: Ball
1-0: SINGLE (Line Drive, 9S)
Batting: RHB Scott McGuire 0-0: Ball
1-0: Grounds into double play, 5-4-3 (Groundball, 5)
Batting: RHB Dylan Wolf 0-0: Called Strike
0-1: Called Strike
0-2: Ball
1-2: Ground out 5-3 (Groundball, 5S)
Top of the 9th over - 0 run(s), 1 hit(s), 0 error(s), 0 left on base; Stanford 8 - Creighton 7
BOTTOM OF THE 9TH
Creighton Blue Jays batting - Pitching for Stanford Cardinal : LHP Ray McKnight
Pitching: RHP Devin Brown
Pinch Hitting: LHB Randy Ortíz 0-0: Ground out 4-3 (Groundball, 4M)
Batting: SHB Jeffery Ivey 0-0: Called Strike
0-1: Called Strike
0-2: Foul Ball, location: 2F
0-2: Ball
1-2: Foul Ball, location: 2F
1-2: Ball
2-2: Strikes out swinging
Batting: RHB Félix Escamilla 0-0: Called Strike
0-1: Ball
1-1: Ball
2-1: Foul Ball, location: 2F
2-2: Ball
3-2: Base on Balls
Batting: LHB Jonathon Terry 0-0: Ball
1-0: Ball
2-0: Foul Ball, location: 2F
2-1: Ball
3-1: Base on Balls
Félix Escamilla to second
Pinch Hitting: SHB Tom Johnson 0-0: Called Strike
0-1: Fly out, F7 (Flyball, 78M)
Bottom of the 9th over - 0 run(s), 0 hit(s), 0 error(s), 2 left on base; Stanford 8 - Creighton 7
Monday, December 5th, 2016 - OOTP Baseball 17.12 Build 75